 Dungeon Crawl Stone Soup version 0.27.1 (webtiles) character file.

Game seed: 5895927785288337745

6806 ZARRMARR the Thaumaturge (level 11, -16/61 HPs)
             Began as an Octopode Conjurer on Sept 5, 2021.
             Was an Initiate of Sif Muna.
             Demolished by a yak (17 damage)
             ... on level 10 of the Dungeon.
             The game lasted 00:44:36 (14206 turns).

ZARRMARR the Thaumaturge (Octopode Conjurer)       Turns: 14206, Time: 00:44:36

Health: -16/61     AC:  3    Str:  7    XL:     11   Next: 5%
Magic:  1/24       EV: 18    Int: 23    God:    Sif Muna [......]
Gold:   690        SH:  0    Dex: 21    Spells: 19/28 levels left

rFire    . . .     SeeInvis .   w - +7 great mace of Tuadeih {elec, rN+ Will- Dex+4}
rCold    . . .     Faith    .   (shield currently unavailable)
rNeg     + + .     Spirit   .   d - +2 hat
rPois    .         Reflect  .   (no amulet)
rElec    .         Harm     .   b - +6 ring of dexterity
rCorr    .         Rampage  .   e - ring of positive energy
Will     .....                  f - +4 ring of evasion
Stlth    ++++......             v - +4 ring of slaying
HPRegen  0.20/turn              (no ring)
MPRegen  0.19/turn              (no ring)
                                (no ring)
                                (no ring)

@: about to teleport
A: almost no armour, amphibious, 8 rings, camouflage 1, gelatinous body 1,
(nimble swimmer 1), tentacles
a: Renounce Religion


You were on level 10 of the Dungeon.
You worshipped Sif Muna.
Sif Muna was noncommittal.
You visited 2 branches of the dungeon, and saw 11 of its levels.
You also visited: Sewer.

You collected 690 gold pieces.

Inventory:

Hand Weapons
 w - the +7 great mace of Tuadeih (weapon) {elec, rN+ Will- Dex+4}
   (You found it on level 9 of the Dungeon)

   It occasionally discharges a powerful burst of electricity upon striking a
   foe.
   Dex:       It affects your dexterity (+4).
   rN:        It protects you from negative energy.
   Will:      It decreases your willpower.
Armour
 d - a +2 hat (worn)
 j - a +2 tower shield
Jewellery
 b - a +6 ring of dexterity (left tentacle)
 e - a ring of positive energy (right tentacle)
 f - a +4 ring of evasion (on tentacle)
 m - a ring of fire
 v - a +4 ring of slaying (on tentacle)
Wands
 r - a wand of flame (36)
 s - a wand of mindburst (20)
Scrolls
 a - a scroll of teleportation
 c - a scroll of fog {unknown}
 g - a scroll of enchant weapon
 l - a scroll of acquirement {unknown}
 n - 4 scrolls of identify {unknown}
 o - a scroll of amnesia {unknown}
 q - 3 scrolls of enchant armour {unknown}
Potions
 h - 3 potions of curing
 i - a potion of cancellation
 k - a potion of brilliance {unknown}
 p - a potion of lignification {unknown}
 t - a potion of might {unknown}
 u - 2 potions of attraction {unknown}
Miscellaneous
 x - a condenser vane


   Skills:
 - Level 2.0 Dodging
 - Level 2.6 Stealth
 + Level 9.4 Spellcasting
 - Level 6.2 Conjurations
 + Level 8.7 Transmutations
 + Level 8.7 Earth Magic


You had 19 spell levels left.
You knew the following spells:

 Your Spells              Type           Power      Damage    Failure   Level
a - Magic Dart            Conj           100%       1d8       1%          1
b - Searing Ray           Conj           78%        3d6       1%          2
c - Statue Form           Tmut/Erth      33%        N/A       26%         6

Your spell library contained the following spells:

 Spells                   Type           Power      Damage    Failure   Level
 Sting                    Tmut/Pois      100%       1d8       1%          1
 Petrify                  Tmut/Erth      50%        N/A       1%          4
 Dazzling Flash           Conj/Hex       50%        N/A       4%          3
 Animate Skeleton         Necr           20%        N/A       6%          1
 Apportation              Tloc           20%        N/A       6%          1
 Corona                   Hex            11%        N/A       6%          1
 Summon Small Mammal      Summ           40%        N/A       6%          1
 Poisonous Vapours        Pois/Air       20%        N/A       9%          2
 Slow                     Hex            10%        N/A       9%          2
 Ice Form                 Ice/Tmut       30%        N/A       10%         4
 Fulminant Prism          Conj/Hex       12%        3d9       17%         4
 Iskenderun's Mystic Bla  Conj/Tloc      25%        2d7       17%         4
 Confusing Touch          Hex            10%        N/A       19%         3
 Frozen Ramparts          Ice            20%        1d4       19%         3
 Gell's Gravitas          Tloc           5%         N/A       19%         3
 Lesser Beckoning         Tloc           5%         N/A       19%         3
 Teleport Other           Tloc           10%        N/A       19%         3
 Yara's Violent Unravell  Hex/Tmut       15%        3d8       28%         5
 Olgreb's Toxic Radiance  Pois           10%        N/A       52%         4
 Summon Ice Beast         Ice/Summ       10%        N/A       52%         4
 Metabolic Englaciation   Hex/Ice        5%         N/A       86%         5


Dungeon Overview and Level Annotations

Branches:
Dungeon (10/15)            Temple (1/1) D:5            Lair (0/6) D:8
    Orc (0/2) D:9           Sewer (visited)

Altars:
Ashenzari
Cheibriados
Dithmenos
Elyvilon
Fedhas
Gozag
Hepliaklqana
Kikubaaqudgha
Makhleb
Nemelex Xobeh
Okawaru
Qazlal
Ru
Sif Muna
Trog
Uskayaw
Vehumet
Wu Jian
Xom
Yredelemnul
Zin
The Shining One

Shops:
D:8 *

Portals:
Abyss: D:6

Annotations:
D:6 2 transporters, exclusion: statue, DemonSlayer's ghost, novice TeBe
D:9 2 runed translucent doors, Maggie; octoduck's ghost, novice GrEE


Innate Abilities, Weirdness & Mutations

You cannot wear most types of armour.
You are amphibious.
You can wear up to eight rings at the same time.
Your skin changes colour to match your surroundings (Stealth+).
Your rubbery body absorbs attacks. (AC +1, EV +1)
((You are camouflaged near water. (Stealth+)))
You have tentacles for arms and can constrict up to eight enemies at once.


Message History

The searing ray misses the yak. (Press . to maintain the ray.)
The yak gores you!
The searing ray hits the yak!
You kill the yak!
Sif Muna accepts your kill. The yak gores you but does no damage.
The yak misses you. x2
Unknown command.
Casting: Searing Ray (safe; 1% risk of failure)
Confirm with . or Enter, or press ? or * to list all spells.
Restarting spell: Searing Ray (safe; 1% risk of failure)
Press: ? - help, Shift-Dir - straight line, f - yak
Aim: a yak (heavily wounded, 88% to hit)
The searing ray hits the yak!
The yak is severely wounded. (Press . to maintain the ray.)
The yak completely misses you. The yak gores you. The yak misses you.
The searing ray hits the yak!
The yak is almost dead.
The yak gores you! x2
* * * LOW HITPOINT WARNING * * *
The yak gores you.
* * * LOW HITPOINT WARNING * * *
Unknown command.
As you read the scroll of teleportation, it crumbles to dust.
You feel strangely unstable. The yak closely misses you. The yak gores you!
* * * LOW HITPOINT WARNING * * *
The yak completely misses you.
Unknown command.
It was a potion of curing.
You feel better. The yak barely misses you. The yak closely misses you.
The yak misses you.
It was a potion of cancellation.
You feel strangely stable.
You feel magically purged. The yak barely misses you.
The yak closely misses you. The yak misses you.
As you read the scroll of teleportation, it crumbles to dust.
You feel strangely unstable. The yak misses you. The yak gores you!
* * * LOW HITPOINT WARNING * * *
The yak gores you!
You die...

. ..
###########..#
#............#
#............)
#.....<.......
#.............
#YY...........
#@†...........
#.Y...........
#..[..........
#.............
#.............
#............
#........
#........


You could see 3 yaks.

Vanquished Creatures
  2 trolls
  2 hornets
  Prince Ribbit (D:7)
  6 yaks
  3 steam dragons
  Menkaure (D:7)
  4 wargs
  An acid dragon (D:6)
  3 water moccasins
  5 orc warriors
  2 black bears (D:6)
  2 ice beasts
  3 necrophages
  2 ogres
  2 centaurs
  6 bullfrogs
  A wyvern zombie (D:8)
  2 scorpions
  5 wights (D:7)
  4 bullfrog zombies
  3 centaur zombies
  2 hounds
  A bullfrog skeleton (D:7)
  2 gnoll shamans
  6 orc priests
  A centaur skeleton (D:6)
  A scorpion zombie (D:5)
  3 iguanas
  13 orc wizards
  A hound zombie (D:5)
  A howler monkey zombie (D:8)
  A howler monkey skeleton (D:6)
  A river rat (D:3)
  5 adders
  9 gnolls
  2 ufetubi
  An adder skeleton (D:4)
  A worm (D:2)
  2 dart slugs
  38 orcs
  17 ball pythons
  18 endoplasms
  17 giant cockroaches
  12 goblins
  7 hobgoblins
  2 jackals (D:3)
  8 kobolds
  8 quokkas
  4 bats
  8 frilled lizards
  4 rats
256 creatures vanquished.

Vanquished Creatures (others)
  2 plants (D:8)
2 creatures vanquished.

Grand Total: 258 creatures vanquished

Notes
Turn   | Place    | Note
-------+----------+-------------------------------------------
     0 | D:1      | ZARRMARR the Octopode Conjurer began the quest for the Orb.
     0 | D:1      | Reached XP level 1. HP: 11/11 MP: 3/3
   141 | D:1      | Found a faded altar of an unknown god.
   237 | D:1      | Reached XP level 2. HP: 17/17 MP: 1/5
  1183 | D:2      | Reached XP level 3. HP: 21/21 MP: 2/6
  1650 | D:2      | Found a sparkling altar of Nemelex Xobeh.
  2263 | D:3      | Reached skill level 3 in Spellcasting
  2430 | D:3      | Reached XP level 4. HP: 4/27 MP: 4/8
  2700 | D:3      | Reached skill level 5 in Conjurations
  2787 | D:3      | Found a glowing drain.
  2794 | Sewer    | Entered a sewer
  2904 | Sewer    | Reached XP level 5. HP: 31/31 MP: 3/10
  3417 | Sewer    | Learned a level 2 spell: Searing Ray
  3695 | Sewer    | Reached skill level 4 in Spellcasting
  3695 | Sewer    | Reached XP level 6. HP: 28/36 MP: 0/12
  4026 | D:3      | Found a burning altar of Makhleb.
  4764 | D:4      | Reached skill level 1 in Transmutations
  4764 | D:4      | Reached skill level 1 in Earth Magic
  4764 | D:4      | Reached XP level 7. HP: 37/41 MP: 9/14
  4897 | D:4      | Reached skill level 5 in Spellcasting
  5022 | D:4      | Noticed a steam dragon
  5033 | D:4      | Killed a steam dragon
  5321 | D:4      | Found a hazy altar of Hepliaklqana.
  5321 | D:4      | Found a shadowy altar of Dithmenos.
  5323 | D:4      | Noticed a shadow
  5730 | D:5      | Entered Level 5 of the Dungeon
  5829 | D:5      | Found a staircase to the Ecumenical Temple.
  5835 | Temple   | Entered the Ecumenical Temple
  6170 | D:5      | Reached XP level 8. HP: 39/46 MP: 9/16
  6799 | D:5      | Found a basalt altar of Yredelemnul.
  7279 | D:6      | Reached skill level 6 in Spellcasting
  7651 | D:6      | Found a one-way gate to the infinite horrors of the Abyss.
  7651 | D:6      | Noticed DemonSlayer's ghost (novice TeBe)
  7859 | D:6      | Found a radiant altar of Vehumet.
  7938 | D:6      | Reached skill level 5 in Transmutations
  7938 | D:6      | Reached XP level 9. HP: 51/51 MP: 12/19
  8015 | D:6      | Reached skill level 5 in Earth Magic
  8300 | D:6      | Found a transporter.
  8314 | D:6      | Noticed a brown ugly thing
  8315 | D:6      | Noticed a worldbinder
  8528 | D:6      | Reached skill level 7 in Spellcasting
  8687 | D:6      | Found a transporter.
  8971 | D:7      | Noticed Prince Ribbit
  8977 | D:7      | Killed Prince Ribbit
  9413 | D:7      | Noticed Menkaure
  9416 | D:7      | Killed Menkaure
 10300 | D:7      | Learned a level 6 spell: Statue Form
 10316 | D:8      | Reached skill level 8 in Spellcasting
 10316 | D:8      | Reached XP level 10. HP: 50/56 MP: 8/22
 10832 | D:8      | Found Dorub's Overcharged Wands.
 11425 | D:8      | Found a staircase to the Lair.
 11760 | D:8      | Found a staircase to the Lair.
 11960 | D:8      | Found Dorub's Overcharged Wands.
 12885 | D:9      | Found a staircase to the Orcish Mines.
 12901 | D:9      | Noticed Maggie
 12947 | D:9      | Identified the +7 great mace of Tuadeih {elec, rN+ Will-
                  | Dex+4}
 13207 | D:9      | Found a large runed translucent door.
 13207 | D:9      | Found a large runed translucent door.
 13212 | D:9      | Noticed octoduck's ghost (novice GrEE)
 13308 | D:9      | Reached skill level 9 in Spellcasting
 13551 | D:9      | Found a broken altar of Ashenzari.
 13562 | D:9      | Found a blossoming altar of Fedhas.
 13752 | D:9      | Found a shimmering blue altar of Sif Muna.
 13779 | D:9      | Found an opulent altar of Gozag.
 13796 | D:9      | Became a worshipper of Sif Muna the Loreminder
 14172 | D:10     | Entered Level 10 of the Dungeon
 14195 | D:10     | Reached XP level 11. HP: 61/61 MP: 10/24
 14206 | D:10     | HP: 1/61 [yak (9)]
 14206 | D:10     | Demolished by a yak

Illustrated notes

Levels and vault maps discovered:
D:1:      shiori_arrival_elements, layout_basic,
          hellmonk_ecumenical_altar_leap_of_faith
D:2:      layout_loops_cross, chequers_serial_rivers_small_b, minmay_hexomino_r4
D:3:      layout_basic, mainiacjoe_overflow_catwalk, portal_sewer_entry_c
D:4:      layout_basic, riverfiend_overflow_shadow_ancestor
D:5:      layout_basic, nicolae_yredelemnul_corpse_copse,
          minmay_temple_entry_enclosed_plants
D:6:      layout_basic, vehumet_statue, gammafunk_ghost_abyssal_escape
D:7:      layout_loops_ring, uniq_prince_ribbit1, uniq_menkaure
D:8:      layout_rooms, erik_lair_orcish_takeover,
          nicolae_shop_overcharged_wands
D:9:      layout_loops_corners, nicolae_overflow_quartered_altars, erik_orc_3,
          ebering_ghost_disaster_area, minivault_16, uniq_maggie
D:10:     layout_long_grid, serial_shops, nicolae_shop_trees,
          amcnicky_mini_corridor_feature, bh_circular_ruins, uniq_urug,
          uniq_snorg, uniq_grum, uniq_erica
Temple:   nicolae_temple_figure_eight

Skill      XL: |  1  2  3  4  5  6  7  8  9 10 |
---------------+-------------------------------+-----
Spellcasting   | 3 4 5 6 8 9 |  9.4
Conjurations   | 5 6 |  6.2
Transmutations | 1 2 5 6 8 |  8.7
Earth Magic    | 1 2 4 6 8 |  8.7
Dodging        | |  2.0
Stealth        | |  2.6

Action                   |  1- 3 |  4- 6 |  7- 9 | 10-12 || total
-------------------------+-------+-------+-------+-------++-------
Melee: Unarmed           |     8 |    31 |     1 |       ||    40
       Tentacles         |     2 |     8 |       |       ||    10
       Constrict         |     2 |     6 |       |       ||     8
 Cast: Magic Dart        |    92 |   137 |    58 |    73 ||   360
       Searing Ray       |       |     9 |    66 |    61 ||   136
Evoke: Wand              |       |       |       |     7 ||     7
  Use: Scroll            |     6 |       |     1 |     2 ||     9
       Potion            |       |       |       |     2 ||     2
 Stab: Sleeping          |       |     1 |       |       ||     1
Armor: Skin              |     6 |     4 |     7 |     4 ||    21
Dodge: Dodged            |    12 |    36 |    57 |    60 ||   165
